 Dungeon Crawl Stone Soup version 0.31-a0-198-g2ad674f65e (webtiles) character file.

Game seed: 9220718087699842061

539 porpoise the Shooter (level 7, -2/43 HPs)
             Began as a Tengu Hunter on June 25, 2023.
             Slain by Prince Ribbit (11 damage)
             ... on level 5 of the Dungeon.
             The game lasted 00:12:22 (3444 turns).

porpoise the Shooter (Tengu Hunter)                 Turns: 3444, Time: 00:12:23

Health: -2/43      AC:  4    Str: 11    XL:     7   Next: 26%
Magic:  8/8        EV: 14    Int: 10    God:
Gold:   224        SH:  0    Dex: 19    Spells: 6/6 levels left

rFire   . . .        b - +0 dagger
rCold   . . .        (no shield)
rNeg    . . .        c - +1 leather armour
rPois   .            (helmet restricted)
rElec   .            (no cloak)
rCorr   .            (no gloves)
SInv    .            (boots unavailable)
Will    .....        (no amulet)
Stlth   +++          (no ring)
HPRegen 0.27/turn    (no ring)
MPRegen 0.11/turn

%: no passive effects
@: flying quickly and evasively, quick
A: beak, talons 3, nimble flight
a: no special abilities


You were on level 5 of the Dungeon.
You visited 1 branch of the dungeon, and saw 5 of its levels.
You also visited: Sewer.

You collected 224 gold pieces.

Inventory:

Hand Weapons
 a - a +0 shortbow of electrocution
 b - a +0 dagger (weapon)
 w - a +0 falchion of electrocution
Missiles
 e - 2 curare-tipped darts
 g - 4 javelins
 s - 13 poisoned darts
 B - 5 boomerangs
Armour
 c - a +1 leather armour (worn)
Jewellery
 p - the ring "Ciut" {Fire Str+3 Dex+2}
   (You found it on level 3 of the Dungeon)

   [ring of fire]

   It enhances your fire magic.
   Str:       It affects your strength (+3).
   Dex:       It affects your dexterity (+2).
   rF:        It protects you from fire.
   rC:        It makes you vulnerable to cold.
 r - an amulet of faith
 v - a ring of wizardry
Scrolls
 i - 2 scrolls of fog {unknown}
 j - a scroll of butterflies
 l - 2 scrolls of enchant armour
 m - 2 scrolls of noise
 x - 3 scrolls of fear
 y - a scroll of poison
 A - a scroll of teleportation {unknown}
 C - a scroll of blinking {unknown}
Potions
 d - 2 potions of curing
 f - a potion of magic
 h - 3 potions of haste
 k - 2 potions of attraction
 n - a potion of resistance
 o - 3 potions of heal wounds
 q - a potion of enlightenment
 t - 3 potions of lignification {unknown}
 u - 2 potions of mutation {unknown}
 z - a potion of brilliance {unknown}


   Skills:
 + Level 4.1 Fighting
 * Level 7.3 Ranged Weapons
 - Level 2.1 Dodging
 + Level 4.1 Stealth


You had 6 spell levels left.
You didn't know any spells.
Your spell library contained the following spells:

 Spells                   Type           Power      Damage    Failure   Level
 Apportation              Tloc           0%         N/A       45%         1
 Animate Dead             Necr           0%         N/A       99%         4
 Alistair's Intoxication  Tmut/Pois      0%         N/A       100%        5
 Borgnjor's Vile Clutch   Necr/Erth      0%         N/A       100%        5
 Death Channel            Necr           0%         N/A       100%        6


Dungeon Overview and Level Annotations

Branches:
Dungeon (5/15)              Sewer (visited)
 Temple: D:4-7

Altars:
Cheibriados
Makhleb
Nemelex Xobeh
Xom

Annotations:
D:5 Prince Ribbit


Innate Abilities, Weirdness & Mutations

You have a beak for a mouth.
You have claws for feet.
Your magical nature lets you fly swiftly and evasively.


Message History

The kobold brigand is heavily wounded.
The kobold brigand hits you with a +0 club!
You shoot an arrow. The arrow misses the kobold brigand.
The arrow hits the kobold!
You kill the kobold!
The kobold brigand barely misses you.
You shoot an arrow.
The arrow hits the kobold brigand but does no damage.
The kobold brigand is heavily wounded.
Prince Ribbit blinks!
The kobold brigand completely misses you.
You shoot an arrow. The arrow hits the kobold brigand.
The kobold brigand is heavily wounded.
The kobold brigand closely misses you.
You shoot an arrow. The arrow misses the kobold brigand.
The arrow hits the kobold.
You kill the kobold!
The kobold brigand closely misses you.
You shoot an arrow.
The arrow closely misses the kobold brigand.
The arrow misses Prince Ribbit.
The kobold brigand barely misses you.
You shoot an arrow.
The arrow closely misses the kobold brigand.
The arrow hits Prince Ribbit but does no damage.
Prince Ribbit is severely wounded.
The kobold brigand misses you.
You shoot an arrow. The arrow hits the kobold brigand.
Lightning courses through the kobold brigand!
You kill the kobold brigand!
Prince Ribbit completely misses you.
Your Stealth skill increases to level 4!
You shoot an arrow. The arrow closely misses Prince Ribbit.
The arrow closely misses the kobold.
Prince Ribbit hits you!
* * * LOW HITPOINT WARNING * * *
You are too injured to fight recklessly!
You are too injured to fight recklessly!
Your +0 shortbow of electrocution stops crackling.
b - a +0 dagger (weapon)
Prince Ribbit hits you!
You die...

# .#
##########..###.
#........†......
##....#.#####..F
. #..###.## ..
#<###########
...
#...........#
..K.
#.#########@#
...K #.#
#F#..#### #.#


#KK..KKK. #.# #.........#### #.# #.#######.# ..# .# #. # You could see Prince
Ribbit and 2 kobolds.

Vanquished Creatures
  A water moccasin (D:5)
  2 kobold brigands
  A crimson imp (D:4)
  A hound (D:4)
  A sleepcap (D:4)
  Robin (D:3)
  6 gnolls (D:4)
  3 adders
  3 worms
  2 dart slugs
  2 orcs (D:3)
  9 endoplasms
  2 giant cockroaches (D:4)
  16 goblins
  8 hobgoblins
  2 jackals (D:3)
  12 kobolds
  5 quokkas
  9 ball pythons
  2 bats
  3 frilled lizards (D:1)
  8 rats
99 creatures vanquished.

Notes
Turn   | Place    | Note
-------+----------+-------------------------------------------
     0 | D:1      | porpoise the Tengu Hunter began the quest for the Orb.
     0 | D:1      | Reached XP level 1. HP: 12/12 MP: 2/2
   280 | D:1      | Reached XP level 2. HP: 17/17 MP: 3/3
   974 | D:2      | Reached XP level 3. HP: 22/22 MP: 4/4
   984 | D:2      | Reached skill level 5 in Ranged Weapons
  1383 | D:3      | Noticed Ijyb
  1392 | D:3      | Found a sparkling altar of Nemelex Xobeh.
  1392 | D:3      | Identified the ring "Ciut" {Fire Str+3 Dex+2}
  1528 | D:3      | Noticed Robin
  1530 | D:3      | Reached XP level 4. HP: 27/27 MP: 5/5
  1542 | D:3      | Killed Robin
  1895 | D:3      | Found a snail-covered altar of Cheibriados.
  2183 | D:4      | Found a shimmering altar of Xom.
  2183 | D:4      | Found a burning altar of Makhleb.
  2185 | D:4      | Gained mutation: Your magical nature lets you fly swiftly
                  | and evasively. [Tengu growth]
  2185 | D:4      | Reached XP level 5. HP: 32/32 MP: 6/6
  2253 | D:4      | Found a glowing drain.
  2267 | Sewer    | Entered a sewer
  2304 | Sewer    | Reached skill level 6 in Ranged Weapons
  2479 | Sewer    | Noticed a kobold brigand
  2483 | Sewer    | Killed a kobold brigand
  2484 | Sewer    | Reached XP level 6. HP: 37/37 MP: 7/7
  3336 | D:5      | Entered Level 5 of the Dungeon
  3344 | D:5      | Noticed a water moccasin
  3351 | D:5      | Killed a water moccasin
  3352 | D:5      | Reached skill level 7 in Ranged Weapons
  3352 | D:5      | Reached XP level 7. HP: 28/43 MP: 8/8
  3352 | D:5      | Noticed Prince Ribbit
  3444 | D:5      | Slain by Prince Ribbit

Illustrated notes

Levels and vault maps discovered:
D:1:      heliophobic_arrival_dark_side_of_the_moon, layout_loops_ring
D:2:      layout_basic
D:3:      layout_rooms, mainiacjoe_overflow_cross_hatched, chei_slow_surprise,
          serial_corexii_hall, chequers_hall_statues_wall_a,
          chequers_hall_statues_y, feat_on_display, uniq_ijyb, uniq_robin
D:4:      layout_loops_corners, grunt_temple_overflow_champion_of_chaos,
          cheibrodos_sewer_entry_sluice
D:5:      layout_loops_ring, grunt_dithmenos_shadows, roderic_lattice_a,
          uniq_crazy_yiuf_cottage, uniq_prince_ribbit1, uniq_sigmund

Skill      XL: |  1  2  3  4  5  6  7 |
---------------+----------------------+-----
Ranged Weapons | 5 6 7 |  7.3
Stealth        | 2 3 4 |  4.1
Fighting       | 3 4 |  4.1
Dodging        | |  2.1

Action                     |  1- 3 |  4- 6 |  7- 9 || total
---------------------------+-------+-------+-------++-------
  Melee: Dagger            |     6 |    26 |       ||    32
         Kick              |     3 |    17 |       ||    20
         Peck              |       |     5 |       ||     5
   Fire: Shortbow          |    85 |   134 |    19 ||   238
    Use: Scroll            |     5 |     9 |       ||    14
 Armour: Leather armour    |     7 |    18 |     1 ||    26
  Dodge: Dodged            |    12 |    45 |    10 ||    67

Table legend: (Time is in decaauts)
 A = Elapsed time spent in this place.
 B = Non-inter-level travel time spent in this place.
 C = Inter-level travel time spent in this place.
 D = Time resting spent in this place.
 E = Time spent auto-exploring this place.
 F = Levels seen in this place.
 G = Mean time per level.
                   A        B        C        D        E       F      G
               +--------+--------+--------+--------+--------+-----+--------+
         Total |   3376 |   3247 |    129 |    395 |   2262 |   6 |  562.7 |
       Dungeon |   3134 |   3005 |    129 |    395 |   2118 |   5 |  626.8 |
         Sewer |    241 |    241 |      0 |      0 |    143 |   1 |  241.0 |
               +--------+--------+--------+--------+--------+-----+--------+

Top non-repeatable levels by time:
     D:4: 988 daAuts
     D:1: 806 daAuts
     D:3: 718 daAuts
     D:2: 562 daAuts
   Sewer: 241 daAuts
     D:5: 58 daAuts
